 Dungeon Crawl Stone Soup version 0.30-a0-782-ge64f9170bb (webtiles) character file.

Game seed: 6655746937446374161

978 senseless the Covert (level 8, 0/56 HPs)
             Began as an Octopode Delver on Feb 24, 2023.
             Was an Elder of Cheibriados.
             Slain by an unseen horror (8 damage)
             ... on level 5 of the Dungeon.
             The game lasted 00:15:11 (4670 turns).

senseless the Covert (Octopode Delver)              Turns: 4670, Time: 00:15:12

Health: 0/56       AC:  3    Str: 21    XL:     8   Next: 17%
Magic:  8/8        EV: 16    Int: 21    God:    Cheibriados [****..]
Gold:   215        SH:  5    Dex: 24    Spells: 7/7 levels left

rFire   . . .      SeeInvis .    i - +9 hand axe "Suckuimm" {heavy, Fly rCorr}
rCold   . . .      Faith    .    o - +0 buckler
rNeg    . . .      Spirit   .    v - +2 hat
rPois   .          Reflect  .    (no amulet)
rElec   .          Harm     .    l - ring of resist corrosion
rCorr   +          Rampage  .    x - ring of flight
Will    .....                    (no ring)
Stlth   ++++++                   (no ring)
HPRegen 0.29/turn                (no ring)
MPRegen 0.11/turn                (no ring)
                                 (no ring)
                                 (no ring)

@: flying, very slow
A: almost no armour, amphibious, 8 rings, camouflage 1, gelatinous body 1,
(nimble swimmer 1), tentacles
a: Renounce Religion, Bend Time, Temporal Distortion, Slouch


You were on level 5 of the Dungeon.
You worshipped Cheibriados.
Cheibriados was greatly pleased with you.
You visited 2 branches of the dungeon, and saw 6 of its levels.

You collected 215 gold pieces.

Inventory:

Hand Weapons
 a - a +1 falchion
 i - the +9 hand axe "Suckuimm" (weapon) {heavy, Fly rCorr}
   (You found it on level 4 of the Dungeon)

   Fly:       It grants you flight.
   rCorr:     It protects you from acid and corrosion.
Armour
 o - a +0 buckler (worn)
 v - a +2 hat (worn)
Jewellery
 l - a ring of resist corrosion (left tentacle)
 x - a ring of flight (right tentacle)
Wands
 f - a wand of digging (3)
Scrolls
 b - a scroll of fog
 c - 2 scrolls of magic mapping
 d - a scroll of fear
 u - 2 scrolls of blinking
Potions
 e - 5 potions of haste
 g - 2 potions of cancellation
 h - a potion of magic
 m - 2 potions of attraction
 n - a potion of heal wounds
 q - a potion of invisibility
 r - 3 potions of curing
 t - a potion of brilliance
 z - a potion of flight {unknown}
 A - a potion of lignification {unknown}


   Skills:
 + Level 5.4 Fighting
 + Level 4.9 Long Blades
 + Level 4.9 Dodging
 + Level 9.3 Stealth


You had 7 spell levels left.
You didn't know any spells.
Your spell library contained the following spells:

 Spells                   Type           Power      Damage    Failure   Level
 Cigotuvi's Dreadful Rot  Necr/Pois/Air  0%         N/A       36%         2
 Ensorcelled Hibernation  Hex/Ice        0%         N/A       36%         2
 Poisonous Vapours        Pois/Air       0%         N/A       36%         2
 Mephitic Cloud           Conj/Pois/Air  0%         N/A       58%         3
 Portal Projectile        Hex/Tloc       0%         N/A       58%         3
 Spider Form              Tmut/Pois      0%         N/A       58%         3
 Tukima's Dance           Hex            0%         N/A       58%         3
 Anguish                  Hex/Necr       0%         N/A       94%         4
 Blade Hands              Tmut           0%         N/A       100%        5


Dungeon Overview and Level Annotations

Branches:
Dungeon (5/15)             Temple (1/1) D:5

Altars:
Cheibriados
Dithmenos
Fedhas
Gozag
Hepliaklqana
Makhleb
Nemelex Xobeh
Okawaru
Qazlal
Ru
Trog
Vehumet
Wu Jian
Xom
Yredelemnul
The Shining One


Innate Abilities, Weirdness & Mutations

You cannot wear most types of armour.
You are amphibious.
You can wear up to eight rings at the same time.
Your skin changes colour to match your surroundings (Stealth+).
Your rubbery body absorbs attacks. (AC +1, EV +1)
((You are camouflaged when in or above water. (Stealth+)))
You have tentacles for arms and can constrict up to eight enemies at once.


Message History

Deactivating autopickup; reactivate with Ctrl-A.
The hound bites you. The hound bites you but does no damage.
The scorpion stings you. The hound barely misses you.
The scorpion closely misses you. Something hits you but does no damage.
You slash the scorpion! You squeeze the scorpion.
You kill the scorpion!
Cheibriados thoroughly appreciates the change of pace.
You slash the hound! You hit something but do no damage. Something hits you!
The hound barely misses you. You block the hound's attack.
The iguana closely misses you.
The two-headed ogre attacks as you move away!
The two-headed ogre barely misses you. The two-headed ogre closely misses you.
Something barely misses you. Something hits you.
You slash the two-headed ogre! You squeeze the two-headed ogre.
The two-headed ogre is moderately wounded.
You slash something! Something hits you! You block something's attack.
Something completely misses you.
The two-headed ogre completely misses you.
The two-headed ogre misses you. Something hits you but does no damage.
The two-headed ogre closely misses you.
The two-headed ogre completely misses you.
Okay, then.
Blink to where?
Press: ? - help, Dir - move target
As you read the scroll of blinking, it crumbles to dust.
Something hits you!
* * * LOW HITPOINT WARNING * * *
Something hits you but does no damage.
You barely miss something. Something hits you!
* * * LOW HITPOINT WARNING * * *
Something hits you.
* * * LOW HITPOINT WARNING * * *
Activating: Slouch (63% risk of failure)
Press: ? - help, Dir - look around, f - activate You fail to use your ability.
Something hits you but does no damage. Something barely misses you.
Activating: Slouch (63% risk of failure)
Press: ? - help, Dir - look around, f - activate You fail to use your ability.
Something hits you!
You die...

.#.......#. /.....l#..#
.#.......#.#########..#
#.......#..+ #...#
#.......##.# #.#.#
#..........#######.#.#
#...........#†.†#Oh..#
####........##.##.#.##
#.........#'#{.#.#
#...........@....#
................###
...........#######
............#
............#
.....####### ..


You could see a two-headed ogre and a hound (wandering).

Vanquished Creatures
  Sigmund (D:2)
  A black bear (D:5)
  A phantom (D:5)
  Blork the orc (D:4)
  2 scorpions
  A jelly (D:4)
  3 hounds
  2 iguanas
  Terence (D:2)
  2 orc wizards (D:4)
  7 adders
  3 gnolls (D:4)
  A white imp (D:5)
  2 worms
  2 dart slugs
  5 orcs
  10 bats
  8 endoplasms
  A giant cockroach (D:3)
  9 goblins
  5 hobgoblins
  6 jackals
  2 quokkas
  8 ball pythons
  13 frilled lizards
  14 kobolds
  3 rats
114 creatures vanquished.

Vanquished Creatures (others)
  8 plants (D:2)
8 creatures vanquished.

Grand Total: 122 creatures vanquished

Notes
Turn   | Place    | Note
-------+----------+-------------------------------------------
     0 | D:5      | senseless the Octopode Delver began the quest for the Orb.
     0 | D:5      | Reached XP level 1. HP: 16/16 MP: 1/1
    37 | D:4      | Noticed an orc wizard
    37 | D:4      | Noticed an orc wizard
    37 | D:4      | Noticed a jelly
    51 | D:5      | Found a staircase to the Ecumenical Temple.
    80 | Temple   | Entered the Ecumenical Temple
   201 | Temple   | Became a worshipper of Cheibriados the Contemplative
   361 | D:5      | Noticed a hound
   367 | D:5      | Killed a hound
   368 | D:5      | Reached XP level 2. HP: 12/21 MP: 2/2
   368 | D:5      | Reached XP level 3. HP: 15/26 MP: 3/3
   460 | D:4      | Reached skill level 7 in Stealth
   460 | D:4      | Reached XP level 4. HP: 9/31 MP: 4/4
   877 | D:4      | Reached XP level 5. HP: 30/37 MP: 5/5
  1035 | D:2      | Noticed Terence
  1045 | D:2      | Killed Terence
  1259 | D:2      | Noticed Sigmund
  1272 | D:2      | Killed Sigmund
  1273 | D:2      | Reached skill level 8 in Stealth
  1273 | D:2      | Reached XP level 6. HP: 33/44 MP: 6/6
  1388 | D:1      | Reached * piety under Cheibriados
  1867 | D:1      | Reached ** piety under Cheibriados
  1937 | D:1      | Found a faded altar of an unknown god.
  2959 | D:3      | Reached *** piety under Cheibriados
  3319 | D:3      | Reached XP level 7. HP: 47/49 MP: 7/7
  3593 | D:4      | Found a sacrificial altar of Ru.
  3599 | D:4      | Identified the +9 hand axe "Suckuimm" {heavy, Fly rCorr}
  4220 | D:4      | Noticed Blork the orc
  4226 | D:4      | Killed Blork the orc
  4227 | D:4      | Reached skill level 5 in Fighting
  4363 | D:5      | Reached **** piety under Cheibriados
  4364 | D:5      | Reached skill level 9 in Stealth
  4589 | D:5      | Reached XP level 8. HP: 44/55 MP: 8/8
  4660 | D:5      | Noticed a two-headed ogre
  4670 | D:5      | Slain by an unseen horror

Illustrated notes

Levels and vault maps discovered:
D:1:      minmay_arrival_stone_box, layout_loops_corners,
          dreamdust_ecumenical_altar_angels_and_demons
D:2:      layout_rooms, minmay_lizard_king, uniq_terence, uniq_sigmund
D:3:      layout_basic
D:4:      layout_basic, nicolae_ru_path_of_blood, uniq_blork_the_orc
D:5:      layout_basic, minmay_temple_entry_offerings, minmay_divided_ellipse
Temple:   bh_familiar_temple

Skill      XL: |  1  2  3  4  5  6  7 |
---------------+----------------------+-----
Stealth        | 7 8 9 |  9.3
Long Blades    | 3 4 |  4.9
Dodging        | 3 4 |  4.9
Fighting       | 4 5 |  5.4

Action                     |  1- 3 |  4- 6 |  7- 9 || total
---------------------------+-------+-------+-------++-------
  Melee: Falchion          |    13 |   131 |    15 ||   159
         Constrict         |     3 |    34 |    12 ||    49
         Tentacles         |     2 |    26 |     8 ||    36
         Punch             |     1 |     1 |       ||     2
         Hand axe          |       |       |    42 ||    42
    Use: Scroll            |       |       |    15 ||    15
   Stab: Sleeping          |       |    27 |     9 ||    36
         Distracted        |       |     1 |       ||     1
 Armour: Skin              |     1 |     7 |    13 ||    21
  Dodge: Dodged            |     8 |    67 |    57 ||   132
  Block: Buckler           |       |    16 |    14 ||    30

Table legend: (Time is in decaauts)
 A = Elapsed time spent in this place.
 B = Non-inter-level travel time spent in this place.
 C = Inter-level travel time spent in this place.
 D = Time resting spent in this place.
 E = Time spent auto-exploring this place.
 F = Levels seen in this place.
 G = Mean time per level.
                   A        B        C        D        E       F      G
               +--------+--------+--------+--------+--------+-----+--------+
         Total |   6278 |   6105 |    173 |    380 |   4651 |   6 | 1046.3 |
       Dungeon |   6072 |   5923 |    149 |    380 |   4477 |   5 | 1214.4 |
        Temple |    205 |    181 |     24 |      0 |    173 |   1 |  205.0 |
               +--------+--------+--------+--------+--------+-----+--------+

Top non-repeatable levels by time:
     D:4: 1912 daAuts
     D:3: 1222 daAuts
     D:1: 1129 daAuts
     D:2: 1014 daAuts
     D:5: 793 daAuts
  Temple: 205 daAuts
